 Dungeon Crawl Stone Soup version 0.21-a0-150-gc243083 (webtiles) character file.

1983 HAL9000 the Martial Artist (level 9, 0/64 HPs)
             Began as a Green Draconian Transmuter on July 27, 2017.
             Was a Follower of Kikubaaqudgha.
             Slain by a hellwing (1 damage)
             ... summoned by a kobold demonologist
             ... on level 7 of the Dungeon.
             The game lasted 00:18:02 (6835 turns).

HAL9000 the Martial Artist (DrTm)                   Turns: 6835, Time: 00:18:02

Health: 0/64       AC:  8    Str: 13    XL:     9   Next: 1%
Magic:  3/12       EV: 12    Int: 15    God:    Kikubaaqudgha [*.....]
Gold:   240        SH:  2    Dex: 17    Spells: 1/12 levels left

rFire    . . .     SeeInvis .     - Unarmed
rCold    . . .     Gourm    .   (no shield)
rNeg     . . .     Faith    .   (armour unavailable)
rPois    +         Spirit   .   (helmet restricted)
rElec    .         Reflect  +   (no cloak)
rCorr    .         Harm     .   (no gloves)
MR       .....                  K - +0 pair of boots
Stlth    ++........             R - +2 amulet of reflection
HPRegen  0.20/turn              k - +2 ring of slaying
MPRegen  0.13/turn              v - +4 ring of dexterity

@: about to teleport, short of breath, very slightly contaminated
A: breathe noxious fumes, unfitting armour, poison resistance, cold-blooded, AC
+7
a: Breathe Noxious Fumes, Receive Corpses, Renounce Religion


You were on level 7 of the Dungeon.
You worshipped Kikubaaqudgha.
Kikubaaqudgha was aware of your devotion.
You were very hungry.

You visited 2 branches of the dungeon, and saw 8 of its levels.

You collected 240 gold pieces.

Inventory:

Missiles
 a - 52 arrows
Armour
 K - a +0 pair of boots (worn)
 P - a +0 shield
Magical Staves
 I - an uncursed staff of air {unknown}
Jewellery
 k - a +2 ring of slaying (left hand)
 u - an uncursed ring of magical power
 v - a +4 ring of dexterity (right hand)
 R - a +2 amulet of reflection (around neck)
Wands
 w - a wand of random effects (27/48)
 B - a wand of polymorph (12/24)
 C - a wand of random effects (21/48)
 E - a wand of flame (30/48)
 J - a wand of enslavement (10/24)
Scrolls
 m - 2 scrolls of remove curse
 y - 2 scrolls of identify
Potions
 i - 2 potions of brilliance
 l - a potion of cancellation
 n - a potion of haste
 p - 5 potions of might
 s - 3 potions of curing
 x - 2 potions of agility
 G - a potion of lignification {unknown}
 M - 2 potions of flight {unknown}
Books
 b - a book of Changes

   Spells                             Type                      Level
   a - Beastly Appendage              Transmutation                1
   b - Sticks to Snakes               Transmutation                2
   c - Spider Form                    Transmutation/Poison         3
   d - Ice Form                       Ice/Transmutation            4
   e - Blade Hands                    Transmutation                5
 L - a book of Maledictions

   Spells                             Type                      Level
   a - Corona                         Hexes                        1
   b - Ensorcelled Hibernation        Hexes/Ice                    2
   c - Confuse                        Hexes                        3
   d - Tukima's Dance                 Hexes                        3
   e - Dazzling Spray                 Conjuration/Hexes            3
 O - a book of Necromancy

   Spells                             Type                      Level
   a - Pain                           Necromancy                   1
   b - Animate Skeleton               Necromancy                   1
   c - Vampiric Draining              Necromancy                   3
   d - Regeneration                   Charms/Necromancy            3
   e - Animate Dead                   Necromancy                   4
   f - Control Undead                 Necromancy                   4
 Q - Kikubaaqudgha's Compendium of Dark Arts {god gift}
   (Kikubaaqudgha gifted it to you on level 6 of the Dungeon)

   Spells                             Type                      Level
   a - Animate Skeleton               Necromancy                   1
   b - Corpse Rot                     Necromancy                   2
   c - Sublimation of Blood           Necromancy                   2
   d - Regeneration                   Charms/Necromancy            3
   e - Control Undead                 Necromancy                   4
Comestibles
 c - 5 bread rations
 j - a fruit
 t - 2 meat rations
 z - 2 royal jellies
 S - 3 chunks of flesh


   Skills:
 - Level 1.1 Fighting
 - Level 1.7 Dodging
 + Level 8.9 Unarmed Combat
 - Level 2.0 Spellcasting
 + Level 8.5 Transmutations


You had one spell level left.
You knew the following spells:

 Your Spells              Type           Power        Failure   Level  Hunger
a - Beastly Appendage     Tmut           ####..       1%          1    #......
b - Sticks to Snakes      Tmut           ####....     1%          2    ###....
c - Spider Form           Tmut/Pois      ##........   12%         3    ###....
d - Blade Hands           Tmut           ####......   19%         5    ######.


Dungeon Overview and Level Annotations

Branches:
Dungeon (7/15)             Temple (1/1) D:4

Altars:
Cheibriados
Dithmenos
Fedhas
Gozag
Kikubaaqudgha
Makhleb
Qazlal
Trog
Uskayaw
Vehumet
The Shining One
Jiyva


Innate Abilities, Weirdness & Mutations

You can breathe blasts of noxious fumes.
Your lurid green scales are hard. (AC +7)
You cannot fit into any form of body armour.
Your system is resistant to poisons. (rPois)
You are cold-blooded and may be slowed by cold attacks.


Message History

You feel strangely unstable.
It was a scroll of teleportation.
The hellwing hits you but does no damage.
The hellwing hits you.
* * * LOW HITPOINT WARNING * * *
The big kobold is engulfed in noxious fumes.
The big kobold appears confused.
The big kobold hits the ufetubus but does no damage.
The centaur is engulfed in noxious fumes.
The centaur appears confused.
The centaur hits the big kobold!
Unknown command.
You hit the big kobold.
Your attack snaps the big kobold out of its fear.
The big kobold is severely wounded.
The centaur is engulfed in noxious fumes.
The centaur appears confused.
The centaur hits the ufetubus.
The hellwing hits you!
* * * LOW HITPOINT WARNING * * *
The hellwing hits you.
You die...
Kikubaaqudgha rasps: "You have failed me!
Welcome... death!"

....... #.#....."..#
.....K.## #.#........#
...K....# #.#....#####
........## #.#....#######
.......K3# #.............
.......#K###.#....########
.......#5c##.#...(........
.......##K##.#....#######.
....... #@##.#...........<
#####.# #4##.#############
#.###..#.# #........#
######...# ##..# ..>#
#####


You could see a hellwing, 2 kobold demonologists, a ynoxinul, a big kobold
(confused), a centaur (confused), an ufetubus and a kobold (fleeing).

Vanquished Creatures
  Grinder (D:5)
  Sigmund (D:2)
  Menkaure (D:5)
  Edmund (D:5)
  An ice beast (D:6)
  A black bear (D:6)
  A sky beast (D:6)
  An ogre (D:5)
  A centaur (D:7)
  A scorpion (D:5)
  3 howler monkeys
  2 crimson imps (D:5)
  2 orc priests (D:4)
  3 hounds
  2 jellies
  A gnoll shaman (D:4)
  A centaur skeleton (D:7)
  Terence (D:3)
  Natasha (twice) (D:2)
  6 worker ants
  A hound zombie (D:6)
  A hound skeleton (D:6)
  2 worker ant zombies (D:6)
  6 adders
  3 gnolls
  An ooze (D:5)
  3 worms (D:2)
  5 dart slugs
  11 leopard geckos
  15 orcs
  A ball python (D:2)
  6 giant cockroaches
  4 goblins
  9 hobgoblins
  6 jackals
  7 kobolds
  3 quokkas
  3 bats (D:2)
  6 frilled lizards
  2 quokka skeletons
  4 rats
132 creatures vanquished.

Vanquished Creatures (collateral kills)
  A howler monkey (D:4)
  An adder (D:4)
  A worm (D:2)
3 creatures vanquished.

Grand Total: 135 creatures vanquished

Notes
Turn   | Place    | Note
-------+----------+-------------------------------------------
     0 | D:1      | HAL9000 the Draconian Transmuter began the quest for the Orb.
     0 | D:1      | Reached XP level 1. HP: 16/16 MP: 3/3
   259 | D:1      | Reached XP level 2. HP: 18/23 MP: 3/5
   297 | D:1      | Learned a level 2 spell: Sticks to Snakes
   687 | D:2      | Reached XP level 3. HP: 6/28 MP: 0/6
   946 | D:2      | Learned a level 3 spell: Spider Form
  1365 | D:2      | You fall through a shaft!
  1627 | D:2      | Noticed Sigmund
  1635 | D:2      | Reached XP level 4. HP: 35/35 MP: 0/7
  1815 | D:2      | Killed Sigmund
  1815 | D:2      | Reached skill level 5 in Unarmed Combat
  1815 | D:2      | Reached XP level 5. HP: 33/40 MP: 5/8
  1992 | D:2      | Noticed Natasha
  1998 | D:2      | Killed Natasha
  2155 | D:2      | Noticed Natasha
  2162 | D:2      | Killed Natasha
  2162 | D:2      | Reached XP level 6. HP: 43/47 MP: 5/9
  2379 | D:3      | Noticed Terence
  2390 | D:3      | Killed Terence
  2449 | D:3      | Reached skill level 5 in Transmutations
  3356 | D:4      | Found a staircase to the Ecumenical Temple.
  3377 | Temple   | Entered the Ecumenical Temple
  3556 | Temple   | Became a worshipper of Kikubaaqudgha
  3683 | D:4      | Your scales start taking on a lurid green colour.
  3683 | D:4      | Reached XP level 7. HP: 46/52 MP: 1/10
  3683 | D:4      | Gained mutation: Your system is resistant to poisons. (rPois) [Green Draconian growth]
  4365 | D:5      | Entered Level 5 of the Dungeon
  4565 | D:5      | Noticed Menkaure
  4574 | D:5      | Noticed Grinder
  4579 | D:5      | Killed Menkaure
  4582 | D:5      | Paralysed by Grinder for 5 turns
  4590 | D:5      | Killed Grinder
  4855 | D:5      | Reached XP level 8. HP: 59/59 MP: 7/11
  5000 | D:5      | Noticed Edmund
  5014 | D:5      | Killed Edmund
  5445 | D:6      | Reached * piety under Kikubaaqudgha
  5445 | D:6      | Identified Kikubaaqudgha's Compendium of Dark Arts {god gift} (Kikubaaqudgha gifted it to you on level 6 of the Dungeon)
  5445 | D:6      | Received a gift from Kikubaaqudgha
  5455 | D:6      | Learned a level 5 spell: Blade Hands
  5458 | D:6      | Found an opulent altar of Gozag.
  5992 | D:6      | Found a bloodstained altar of Trog.
  6668 | D:7      | Reached XP level 9. HP: 39/64 MP: 10/12
  6816 | D:7      | Noticed a kobold demonologist
  6817 | D:7      | Noticed a kobold demonologist
  6824 | D:7      | Noticed a hellwing
  6835 | D:7      | HP: 1/64 [hellwing[a kobold demonologist] (12)]
  6835 | D:7      | Slain by a hellwing

Vault maps used:
D:1:      minmay_arrival_four_houses
D:2:      uniq_sigmund, uniq_natasha
D:3:      first_bread, uniq_terence
D:4:      minmay_temple_entry_large_hall, wad_floor_pattern_2, abandoned_shop,
          minivault_5
D:5:      uniq_menkaure, uniq_edmund, uniq_grinder
D:6:      lightli_temple_of_fire, minmay_tree_intersection, grunt_gozag_statues
D:7:      lemuel_round_altar, serial_shops, shop
Temple:   pf_slimified_temple

Skill      XL: |  1  2  3  4  5  6  7  8 |
---------------+-------------------------+-----
Transmutations | 3 4 5 6 8 |  8.5
Unarmed Combat | 4 5 6 7 8 |  8.9
Fighting       | |  1.1
Dodging        | |  1.7
Spellcasting   | |  2.0

Action                   |  1- 3 |  4- 6 |  7- 9 || total
-------------------------+-------+-------+-------++-------
Melee: Unarmed           |   119 |   118 |   204 ||   441
       Kick              |    12 |       |       ||    12
       Tailslap          |     8 |     7 |    24 ||    39
       Headbutt          |     8 |       |     1 ||     9
       Punch             |       |       |     3 ||     3
 Cast: Beastly Appendage |    20 |     1 |     1 ||    22
       Sticks to Snakes  |     2 |     3 |     7 ||    12
       Spider Form       |     1 |    11 |     8 ||    20
 Abil: End Transformatio |       |     3 |     5 ||     8
       Breathe Noxious F |       |       |     8 ||     8
  Use: Scroll            |       |     6 |     2 ||     8
 Stab: Sleeping          |     1 |     1 |     1 ||     3
       Distracted        |       |     1 |       ||     1
       Confused          |       |       |     7 ||     7
  Eat: Chunk             |     3 |     8 |    14 ||    25
Armor: Skin              |    27 |    27 |    42 ||    96
Dodge: Dodged            |    69 |    87 |   118 ||   274
Block: Other             |     8 |     8 |    11 ||    27
       Reflection        |     1 |     1 |       ||     2
